 Dungeon Crawl Stone Soup version 0.22.1-2-g9c5b331383 (webtiles) character file.

64 Ihlosi the Sneak (level 4, -3/25 HPs)
             Began as a Kobold Enchanter on Dec 26, 2018.
             Slain by an ogre
             ... wielding a +0 giant club
              (28 damage)
             ... on level 3 of the Dungeon.
             The game lasted 00:05:06 (2084 turns).

Ihlosi the Sneak (Kobold Enchanter)                 Turns: 2084, Time: 00:05:06

Health: -3/25      AC:  5    Str:  5    XL:     4   Next: 32%
Magic:  1/7        EV: 15    Int: 17    God:
Gold:   44         SH:  0    Dex: 15    Spells: 5/8 levels left

rFire    . . .     SeeInvis .   a - +1 dagger
rCold    . . .     Gourm    .   (shield restricted)
rNeg     . . .     Faith    .   b - +0 robe
rPois    .         Spirit   .   (no helmet)
rElec    .         Reflect  .   k - +2 cloak
rCorr    +         Harm     .   (no gloves)
MR       .....                  (no boots)
Stlth    +++.......             (no amulet)
HPRegen  0.08/turn              l - ring of resist corrosion
MPRegen  0.10/turn              (no ring)

@: very slightly contaminated
A: small, carnivore
a: no special abilities


You were on level 3 of the Dungeon.
You were completely stuffed.

You visited 1 branch of the dungeon, and saw 3 of its levels.

You collected 44 gold pieces.

Inventory:

Hand Weapons
 a - a +1 dagger (weapon)
Missiles
 h - 15 bolts
Armour
 b - a +0 robe (worn)
 k - a +2 cloak (worn)
Jewellery
 l - a ring of resist corrosion (left hand)
Scrolls
 c - 3 scrolls of identify {unknown}
 i - 4 scrolls of remove curse {unknown}
 j - 2 scrolls of teleportation {unknown}
Potions
 e - a potion of curing {unknown}
 f - 2 potions of lignification {unknown}
 g - a potion of heal wounds {unknown}
 m - a potion of magic {unknown}
 n - a potion of haste {unknown}
Comestibles
 d - 3 rations


   Skills:
 * Level 1.0 Fighting
 * Level 2.1 Short Blades
 * Level 2.7 Dodging
 * Level 5.2 Stealth
 * Level 2.5 Spellcasting
 * Level 3.3 Hexes
 + Level 0.1 Ice Magic


You had 5 spell levels left.
You knew the following spells:

 Your Spells              Type           Power        Failure   Level  Hunger
a - Corona                Hex            ##.....      4%          1    #......
b - Ensorcelled Hibernat  Hex/Ice        #.....       14%         2    ##.....

Your spell library contained the following spells:

 Spells                   Type           Power        Failure   Level  Hunger
 Confuse                  Hex            ##......     14%         3    ###....
 Tukima's Dance           Hex            ##......     14%         3    ###....
 Dazzling Spray           Conj/Hex       #.....       28%         3    ###....


Dungeon Overview and Level Annotations

Branches:
Dungeon (3/15)

Altars:
Yredelemnul

Annotations:
D:2 Sigmund


Innate Abilities, Weirdness & Mutations

You are small and have problems with some larger weapons.
You are carnivorous and can eat meat at any time.


Message History

Casting: Ensorcelled Hibernation (safe; 14% risk of failure)
Confirm with . or Enter, or press ? or * to list all spells.
Aiming: Ensorcelled Hibernation (safe; 14% risk of failure)
Press: ? - help, Shift-Dir - straight line, f/p - ogre
Aim: an ogre, wielding a giant club (chance to defeat MR: 39%)
You miscast Ensorcelled Hibernation.
You are very lightly contaminated with residual magic.
Your hands glow momentarily.
Casting: Ensorcelled Hibernation (safe; 14% risk of failure)
Confirm with . or Enter, or press ? or * to list all spells.
Aiming: Ensorcelled Hibernation (safe; 14% risk of failure)
Press: ? - help, Shift-Dir - straight line, f/p - ogre
Aim: an ogre, wielding a giant club (chance to defeat MR: 39%)
The ogre looks drowsy...
The helpless ogre fails to defend itself.
You impale the ogre!!
The ogre is almost dead.
The ogre hits you with a giant club!!
Ouch! That really hurt!
You die...

#<..................
##.#(##.##..#####.## .
#.#........#####.## ..
#.#.##.###.......##
...#######%.....# #.....####
..........##.######.....#
.g.g......#............<####
.....O..†.#..#.#..#<....#...
.##.###@.#....#.....#.##
#...O####....######.##
###.g# ##..## #.## #.##
♣P♣P.♣ #.## #.# ♣♣PP.♣ #.##
#.# ♣♣.♣♣ #..) #.## ♣♣.♣
####### #..# ♣.♣♣ #.†....
#### ♣♣.♣ #.#####


You could see an ogre and a goblin.

Vanquished Creatures
  Crazy Yiuf (D:3)
  A worm (D:2)
  A giant cockroach (D:1)
  4 goblins
  4 hobgoblins
  5 kobolds
  7 bats
  4 frilled lizards (D:1)
  6 rats
  A fungus (D:3)
34 creatures vanquished.

Notes
Turn   | Place    | Note
-------+----------+-------------------------------------------
     0 | D:1      | Ihlosi the Kobold Enchanter began the quest for the Orb.
     0 | D:1      | Reached XP level 1. HP: 10/10 MP: 3/3
   367 | D:1      | Reached XP level 2. HP: 14/15 MP: 5/5
   372 | D:1      | Learned a level 2 spell: Ensorcelled Hibernation
   884 | D:1      | Reached XP level 3. HP: 20/20 MP: 6/6
  1146 | D:2      | Noticed Sigmund
  1572 | D:2      | Found a basalt altar of Yredelemnul.
  1929 | D:3      | Noticed an ogre
  2017 | D:3      | Found a runed door.
  2021 | D:3      | Noticed Crazy Yiuf
  2028 | D:3      | Killed Crazy Yiuf
  2028 | D:3      | Reached skill level 1 in Fighting
  2028 | D:3      | Reached skill level 5 in Stealth
  2028 | D:3      | Reached XP level 4. HP: 25/25 MP: 2/7
  2084 | D:3      | Slain by an ogre

Skill      XL: |  1  2  3 |
---------------+----------+-----
Fighting       | 1 |  1.0
Short Blades   | 2 |  2.1
Stealth        | 5 |  5.2
Dodging        | |  2.7
Spellcasting   | |  2.5
Hexes          | |  3.3
Ice Magic      | |  0.1

Action                   |  1- 3 |  4- 6 || total
-------------------------+-------+-------++-------
Melee: Dagger            |   107 |     4 ||   111
 Cast: Ensorcelled Hiber |     8 |     2 ||    10
 Stab: Sleeping          |    19 |     2 ||    21
  Eat: Chunk             |    12 |     1 ||    13
Armor: Robe              |     6 |     2 ||     8
Dodge: Dodged            |    45 |     4 ||    49
